 Dungeon Crawl Stone Soup version 0.26.1-11-gd32895ea62 (webtiles) character file.

Game seed: 9570139204869544875

3410 ubername the Frost Mage (level 10, -6/63 HPs)
             Began as a Barachi Ice Elementalist on June 8, 2021.
             Was a Believer of Makhleb.
             Mangled by a death yak (18 damage)
             ... on level 9 of the Dungeon.
             The game lasted 00:35:26 (10713 turns).

ubername the Frost Mage (Barachi Ice Elementalist) Turns: 10713, Time: 00:35:27

Health: -6/63      AC:  8    Str: 12 (13) XL:     10   Next: 4%
Magic:  16/20      EV: 14    Int: 16 (19) God:    Makhleb [**....]
Gold:   488        SH:  0    Dex: 12 (13) Spells: 16/23 levels left

rFire    x . .     SeeInvis .   z - +6 flail of Ineumuof {vorpal, *Corrode Will+ Str+4 Stlth+}
rCold    + + .     Faith    .   (no shield)
rNeg     . . .     Spirit   .   a - +0 robe
rPois    .         Reflect  .   I - +2 helmet
rElec    .         Harm     .   p - +0 cloak
rCorr    .         Rampage  .   (no gloves)
Will     +....                  t - +1 pair of boots
Stlth    +++.......             m - amulet of magic regeneration
HPRegen  0.20/turn              s - ring of ice
MPRegen  0.42/turn              r - ring of protection from cold

@: can't hop, slow
A: +LOS, swims, slowness 1, strong legs 1
a: Hop, Renounce Religion, Minor Destruction


You were on level 9 of the Dungeon.
You worshipped Makhleb.
Makhleb was pleased with you.
You visited 2 branches of the dungeon, and saw 10 of its levels.
You also visited: Ossuary.

You collected 570 gold pieces.
You spent 82 gold pieces at shops.

Inventory:

Hand Weapons
 u - a +0 hunting sling
 z - the +6 flail of Ineumuof (weapon) {vorpal, *Corrode Will+ Str+4 Stlth+}
   (You found it on level 5 of the Dungeon)

   It inflicts extra damage upon your enemies.
   It affects your strength (+4).
   It affects your willpower, your defense against some magical effects.
   It may corrode you when you take damage.
   It makes you more stealthy.
Missiles
 d - 95 sling bullets
 q - 31 poisoned darts (quivered)
Armour
 a - a +0 robe (worn)
 p - a +0 cloak (worn)
 t - a +1 pair of boots (worn)
 I - a +2 helmet (worn)
Jewellery
 m - an amulet of magic regeneration (around neck)
 r - a ring of protection from cold (right hand)
 s - a ring of ice (left hand)
 x - a +4 ring of slaying
Wands
 h - a wand of polymorph (2)
 o - a wand of paralysis (5)
 w - a wand of flame (8)
 E - a wand of disintegration (14)
 H - a wand of random effects (15)
Scrolls
 c - 2 scrolls of magic mapping
 f - 13 scrolls of identify
 i - 3 scrolls of teleportation
 k - 2 scrolls of remove curse
 l - 2 scrolls of amnesia
 A - a scroll of enchant weapon
Potions
 b - a potion of might {unknown}
 j - 6 potions of curing
 n - 2 potions of ambrosia
 B - 2 potions of brilliance
 C - a potion of magic
 G - a potion of flight


   Skills:
 - Level 0.1 Fighting
 - Level 0.2 Maces & Flails
 + Level 3.5 Throwing
 * Level 4.7 Dodging
 - Level 3.1 Stealth
 - Level 7.1 Spellcasting
 * Level 2.2 Conjurations
 + Level 0.6 Fire Magic
 * Level 11.0 Ice Magic
 * Level 4.8 Invocations
 + Level 1.6 Evocations


You had 16 spell levels left.
You knew the following spells:

 Your Spells              Type           Power        Failure   Level
a - Freeze                Ice            100%         1%          1
b - Frozen Ramparts       Ice            100%         1%          3
c - Ozocubu's Armour      Ice            57%          1%          3

Your spell library contained the following spells:

 Spells                   Type           Power        Failure   Level
 Ensorcelled Hibernation  Hex/Ice        70%          1%          2
 Magic Dart               Conj           48%          4%          1
 Searing Ray              Conj           24%          8%          2
 Hailstorm                Conj/Ice       40%          8%          4
 Corona                   Hex            5%           12%         1
 Summon Ice Beast         Ice/Summ       35%          13%         4
 Dazzling Flash           Conj/Hex       18%          24%         3
 Confusing Touch          Hex            5%           36%         3
 Tukima's Dance           Hex            5%           36%         3
 Fulminant Prism          Conj/Hex       4%           61%         4
 Iskenderun's Mystic Bla  Conj/Tloc      9%           61%         4


Dungeon Overview and Level Annotations

Branches:
Dungeon (9/15)             Temple (1/1) D:4            Lair (0/6) D:9
Ossuary (visited)
    Orc: D:9-12

Altars:
Cheibriados
Dithmenos
Elyvilon
Fedhas
Gozag
Hepliaklqana
Kikubaaqudgha
Makhleb
Nemelex Xobeh
Okawaru
Qazlal
Ru
Uskayaw
Vehumet
Wu Jian
Xom
Yredelemnul
Zin
The Shining One

Shops:
D:5 *   D:6 (


Innate Abilities, Weirdness & Mutations

You can be seen from farther away. (+LOS)
You can swim through water.
You cover ground slowly.
You can hop short distances.


Message History

The death yak gores you but does no damage.
You sock the death yak!
The death yak is severely wounded.
The wall freezes the death yak.
The death yak gores you!!
The wall freezes the death yak.
The death yak gores you but does no damage.
You hit the death yak.
The death yak is severely wounded.
The wall freezes the death yak!
The death yak gores you!
* * * LOW HITPOINT WARNING * * *
Okay, then.
Unknown command.
Your icy armour and frozen ramparts will break if you move.
Continue?
Hop to where?
Press: ? - help, Dir - move target, p - death yak Your icy armour and frozen ramparts will break if you move.
Continue?
Your icy armour cracks and falls away as you move.
The frozen ramparts melt away as you move.
Boing!
The death yak gores you!!
You die...

.##....####............#
............######.....#
.##....########........#
.......#######..##.....#
###............###.....#
#....†######.....#####
#........# #....<#
#....#....##.....#
......###.#..#..@.(#
..###. ##.##.#..Y○.# ..
#...........#### .
#......#....# #....
#####...# . #.#.# ......
... ... .......?..


You could see a death yak.

Vanquished Creatures
  Joseph (D:7)
  A water moccasin (D:6)
  2 ice beasts
  An orc warrior (D:6)
  A sky beast (D:6)
  A necrophage (D:6)
  A black bear (D:8)
  5 ogres
  3 centaurs
  3 bullfrogs
  3 scorpions
  4 howler monkeys
  A quasit (D:6)
  3 bullfrog zombies
  Crazy Yiuf (D:5)
  2 hounds
  3 jellies
  2 bullfrog skeletons
  An orc priest (D:8)
  8 orc wizards
  A centaur skeleton (D:4)
  A human zombie (Ossuary)
  Terence (D:3)
  Natasha (thrice) (D:3)
  2 iguanas (D:5)
  A statue (D:8)
  4 worker ants
  3 mummies (Ossuary)
  2 worker ant zombies
  8 adders
  A shadow imp (D:6)
  4 white imps
  An ufetubus (D:5)
  An ooze (D:4)
  2 adder zombies
  An adder skeleton (D:7)
  4 worms
  4 dart slugs
  4 leopard geckos
  21 orcs
  4 ball pythons
  3 giant cockroaches
  7 hobgoblins
  15 jackals
  7 quokkas
  9 bats
  3 frilled lizards
  6 goblins
  A goblin zombie (Ossuary)
  3 hobgoblin zombies (Ossuary)
  7 kobolds
  6 kobold zombies (Ossuary)
  An orc zombie (Ossuary)
  3 quokka zombies (Ossuary)
  8 rats
  2 rat zombies (Ossuary)
201 creatures vanquished.

Notes
Turn   | Place    | Note
-------+----------+-------------------------------------------
     0 | D:1      | ubername the Barachi Ice Elementalist began the quest for
                  | the Orb.
     0 | D:1      | Reached XP level 1. HP: 13/13 MP: 3/3
    62 | D:1      | Reached skill level 5 in Ice Magic
   562 | D:1      | Reached XP level 2. HP: 17/19 MP: 3/5
  1135 | D:1      | Reached XP level 3. HP: 24/24 MP: 3/6
  1414 | D:1      | Learned a level 3 spell: Frozen Ramparts
  1418 | D:1      | Learned a level 3 spell: Ozocubu's Armour
  1994 | D:2      | Found a white marble altar of Elyvilon.
  2002 | D:2      | Reached XP level 4. HP: 23/30 MP: 1/8
  2978 | D:3      | Noticed Natasha
  2982 | D:3      | Killed Natasha
  2983 | D:3      | Reached skill level 1 in Invocations
  2983 | D:3      | Reached XP level 5. HP: 35/35 MP: 6/10
  3011 | D:3      | Noticed Natasha
  3018 | D:3      | Killed Natasha
  3036 | D:3      | Found an opulent altar of Gozag.
  3051 | D:3      | Noticed Natasha
  3068 | D:3      | Killed Natasha
  3188 | D:3      | Reached skill level 6 in Ice Magic
  3437 | D:3      | Noticed Terence
  3446 | D:3      | Killed Terence
  3447 | D:3      | Reached XP level 6. HP: 37/41 MP: 3/11
  4380 | D:4      | Reached skill level 1 in Throwing
  4433 | D:4      | Found a staircase to the Ecumenical Temple.
  4661 | Temple   | Entered the Ecumenical Temple
  4702 | Temple   | Became a worshipper of Makhleb the Destroyer
  4918 | D:4      | Reached XP level 7. HP: 33/46 MP: 13/13
  5689 | D:5      | Entered Level 5 of the Dungeon
  5918 | D:6      | Reached skill level 7 in Ice Magic
  6013 | D:6      | Reached skill level 5 in Spellcasting
  6314 | D:5      | Got a blackened flail
  6315 | D:5      | Identified the +6 flail of Ineumuof {vorpal, *Corrode Will+
                  | Str+4 Stlth+} (You found it on level 5 of the Dungeon)
  6343 | D:5      | Reached XP level 8. HP: 52/52 MP: 10/15
  6488 | D:5      | Found Ifezin's General Store.
  6497 | D:5      | Bought a scroll of enchant weapon for 82 gold pieces
  6782 | D:5      | Reached * piety under Makhleb
  6783 | D:5      | Reached skill level 8 in Ice Magic
  7377 | D:5      | Found a runed translucent door.
  7378 | D:5      | Noticed Crazy Yiuf
  7384 | D:5      | Killed Crazy Yiuf
  7831 | D:6      | Reached XP level 9. HP: 53/57 MP: 15/18
  7905 | D:6      | Reached skill level 9 in Ice Magic
  7963 | D:6      | Found a glowing golden altar of the Shining One.
  7963 | D:6      | Found a shimmering altar of Xom.
  7991 | D:6      | Found Ymmiuxao's Weapon Emporium.
  8482 | D:7      | Reached skill level 1 in Evocations
  8639 | D:7      | Noticed Joseph
  8657 | D:7      | Killed Joseph
  8658 | D:7      | Reached skill level 1 in Conjurations
  8658 | D:7      | Reached skill level 10 in Ice Magic
  8680 | D:7      | Found a sparkling altar of Nemelex Xobeh.
  8938 | D:7      | Found a sand-covered staircase.
  8943 | Ossuary  | Entered an ossuary
  8951 | Ossuary  | Reached ** piety under Makhleb
 10018 | D:8      | Found a radiant altar of Vehumet.
 10115 | D:8      | Found a blossoming altar of Fedhas.
 10157 | D:8      | Reached XP level 10. HP: 63/63 MP: 14/20
 10268 | D:8      | Reached skill level 11 in Ice Magic
 10697 | D:9      | Noticed a death yak
 10699 | D:9      | Found a staircase to the Lair.
 10713 | D:9      | Mangled by a death yak

Illustrated notes

Levels and vault maps discovered:
D:1:      erik_arrival_triangle_small, layout_basic
D:2:      layout_basic, old_standard_altar
D:3:      layout_loops_cross, nicolae_gozag_seed_capital,
          kennysheep_generic_room_2, uniq_natasha, uniq_terence
D:4:      layout_loops_ring, temple_pool_b
D:5:      layout_loops_ring, serial_shops, nicolae_shop_crystal,
          uniq_crazy_yiuf_cottage
D:6:      layout_loops_ring, gammafunk_temple_overflow_elements, serial_shops,
          shop
D:7:      layout_cave_pools, nemelex_xobeh_ov_fountains_minmay,
          nicolae_ossuary_entry_false_entrances, uniq_joseph
D:8:      layout_rooms, old_standard_altar, vehumet_statue,
          ashenzari_conservatory_becter
D:9:      layout_rooms, led_sif_book, bloody_trog, dpeg_lair_monsters
Temple:   minmay_temple_bridge_abc

Skill      XL: |  1  2  3  4  5  6  7  8  9 10 |
---------------+-------------------------------+-----
Ice Magic      | 5 6 7 8 10 11 | 11.0
Spellcasting   | 3 4 5 6 7 |  7.1
Invocations    | 1 2 3 4 |  4.8
Stealth        | 2 3 |  3.1
Dodging        | 3 4 |  4.7
Throwing       | 1 3 |  3.5
Evocations     | 1 |  1.6
Conjurations   | 2 |  2.2
Fighting       | |  0.1
Maces & Flails | |  0.2
Fire Magic     | |  0.6

Action                   |  1- 3 |  4- 6 |  7- 9 | 10-12 || total
-------------------------+-------+-------+-------+-------++-------
Melee: Club              |    37 |    46 |    31 |       ||   114
       Flail             |       |       |    99 |     8 ||   107
Throw: Dart              |       |    26 |    47 |     1 ||    74
 Cast: Freeze            |    31 |    12 |    17 |     2 ||    62
       Frozen Ramparts   |     7 |    39 |    54 |     4 ||   104
       Ozocubu's Armour  |     2 |     7 |    27 |     1 ||    37
 Abil: Hop               |       |     1 |       |     1 ||     2
Evoke: Wand              |       |       |    15 |       ||    15
  Use: Potion            |       |     7 |     6 |     1 ||    14
       Scroll            |       |     2 |     4 |     3 ||     9
Armor: Robe              |    18 |    19 |    51 |     4 ||    92
Dodge: Dodged            |    61 |    62 |   126 |     8 ||   257
